 Dungeon Crawl Stone Soup version 0.24.1-1-gd1d2a07e1b (webtiles) character file.

Game seed: 1350919004789797502, levelgen mode: deterministic

231 Peloso the Covered (level 5, -2/47 HPs)
             Began as a Minotaur Fighter on Apr 11, 2020.
             Slain by a worm (9 damage)
             ... on level 3 of the Dungeon.
             The game lasted 00:02:21 (1412 turns).

Peloso the Covered (Minotaur Fighter)               Turns: 1412, Time: 00:02:21

Health: -2/47      AC:  7    Str: 20    XL:     5   Next: 73%
Magic:  4/4        EV:  8    Int:  5    God:
Gold:   74         SH:  9    Dex: 11    Spells: 4/4 levels left

rFire    . . .     SeeInvis .   a - +0 long sword
rCold    . . .     Gourm    .   c - +0 shield
rNeg     . . .     Faith    .   b - +0 scale mail
rPois    .         Spirit   .   (helmet restricted)
rElec    .         Reflect  .   (no cloak)
rCorr    .         Harm     .   (no gloves)
MR       .....                  (no boots)
Stlth    ..........             (no amulet)
HPRegen  0.15/turn              (no ring)
MPRegen  0.09/turn              (no ring)

@: no status effects
A: retaliatory headbutt, horns 2
a: no special abilities


You were on level 3 of the Dungeon.
You were hungry.

You visited 1 branch of the dungeon, and saw 3 of its levels.

You collected 74 gold pieces.

Inventory:

Hand Weapons
 a - a +0 long sword (weapon)
 n - a +1 dagger of flaming
Armour
 b - a +0 scale mail (worn)
 c - a +0 shield (worn)
Jewellery
 l - an uncursed amulet of magic regeneration {unknown}
Scrolls
 h - a scroll of remove curse {unknown}
 i - a scroll of noise {unknown}
 m - 2 scrolls of fog {unknown}
Potions
 d - a potion of might
 e - a potion of lignification {unknown}
 g - a potion of flight {unknown}
 j - a potion of haste {unknown}
 k - 2 potions of curing {unknown}
Comestibles
 f - 5 rations


   Skills:
 + Level 4.9 Fighting
 + Level 4.0 Long Blades
 + Level 5.1 Armour
 + Level 1.4 Dodging
 + Level 0.1 Stealth
 + Level 4.6 Shields


You had 4 spell levels left.
You didn't know any spells.
Your spell library was empty.

Dungeon Overview and Level Annotations

Branches:
Dungeon (3/15)

Altars:
Cheibriados
Kikubaaqudgha


Innate Abilities, Weirdness & Mutations

You reflexively headbutt those who attack you in melee.
You have a pair of horns on your head.


Message History

You headbutt the orc priest! You slash the orc priest!
You kill the orc priest!
Things that are here:
a +0 hand axe; a +0 falchion; an orc corpse
Found a leather armour.
You now have 74 gold pieces (gained 15).
You see here a leather armour.
You hear the rusting of a distant drain.
A worm comes into view.
The worm bites you.
* * * LOW HITPOINT WARNING * * *
You see here a scroll labeled PECREC UROS.
You slash the worm! Your headbutt misses the worm.
The worm is heavily wounded.
Your shield and scale mail prevent you from hitting the worm.
Your headbutt misses the worm.
The worm is heavily wounded.
The worm bites you!
You die...

#.#.# #.#.#
#.#.# ..#[#
####### #.#
#.....#
#.####.....#
#..........#
######.....####
#.....@w.#
###?####.# #.#
.# ### #


You could see a worm.

Vanquished Creatures
  A water moccasin (D:2)
  An orc priest (D:3)
  3 adders
  3 worms (D:2)
  3 dart slugs
  3 orcs (D:3)
  A ball python (D:2)
  2 bats
  4 giant cockroaches
  6 goblins
  8 hobgoblins
  3 quokkas
  4 frilled lizards
  A kobold (D:2)
  2 rats
45 creatures vanquished.

Notes
Turn   | Place    | Note
-------+----------+-------------------------------------------
     0 | D:1      | Peloso the Minotaur Fighter began the quest for the Orb.
     0 | D:1      | Reached XP level 1. HP: 19/19 MP: 0/0
   116 | D:1      | Reached XP level 2. HP: 21/27 MP: 1/1
   313 | D:1      | Reached skill level 4 in Armour
   730 | D:2      | Reached XP level 3. HP: 28/33 MP: 2/2
  1119 | D:2      | Found a snail-covered altar of Cheibriados.
  1119 | D:2      | Noticed a water moccasin
  1124 | D:2      | Killed a water moccasin
  1124 | D:2      | Reached skill level 5 in Armour
  1124 | D:2      | Reached skill level 1 in Dodging
  1124 | D:2      | Reached XP level 4. HP: 33/41 MP: 3/3
  1124 | D:2      | Reached XP level 5. HP: 38/47 MP: 4/4
  1196 | D:2      | Found an ancient bone altar of Kikubaaqudgha.
  1412 | D:3      | Slain by a worm

Levels and vault maps discovered:
D:1:      lightli_arrival_windingriver, layout_basic
D:2:      layout_basic, old_standard_altar, marbit_many_paths, first_ration
D:3:      layout_loops_ring, lemuel_round_altar, gup_sewer_entry_glass

Skill      XL: |  1  2  3  4  5 |
---------------+----------------+-----
Armour         | 4 5 |  5.1
Fighting       | 4 |  4.9
Shields        | 4 |  4.6
Long Blades    | 3 4 |  4.0
Dodging        | 1 |  1.4
Stealth        | |  0.1

Action                   |  1- 3 |  4- 6 || total
-------------------------+-------+-------++-------
Melee: Long sword        |    85 |    50 ||   135
       Headbutt          |    12 |     7 ||    19
  Eat: Chunk             |       |     1 ||     1
Armor: Scale mail        |    28 |    14 ||    42
Dodge: Dodged            |    24 |    12 ||    36
Block: Shield            |    48 |    32 ||    80
       Rpst.: Long sword |     8 |     2 ||    10
